 Dungeon Crawl Stone Soup version 0.29.0-4-gdea44cf6ec (webtiles) character file.

Game seed: 11197953491828503154

17810 qw the Severer (level 12, -34/110 HPs)
             Began as a Minotaur Fighter on Sept 6, 2022.
             Was an Elder of Ru.
             Annihilated by Rupert
             ... wielding a +5 great mace of pain
              (44 damage)
             ... on level 3 of the Lair of Beasts.
             The game lasted 00:05:01 (13485 turns).

qw the Severer (Minotaur Fighter)                  Turns: 13485, Time: 00:05:02

Health: -34/110    AC: 22    Str: 27    XL:     12   Next: 22%
Magic:  11/11      EV:  8    Int:  5    God:    Ru [****..]
Gold:   237        SH:  5    Dex:  9    Spells: 11/11 levels left

rFire   . . .      SeeInvis +   Y - +5 war axe (venom)
rCold   . . .      Faith    .   c - +0 buckler
rNeg    . . .      Spirit   .   n - +0 plate armour
rPois   +          Reflect  .   (helmet restricted)
rElec   .          Harm     .   f - +0 cloak
rCorr   .          Rampage  .   h - +1 pair of gloves
Will    .....                   l - +2 pair of boots
Stlth   ..........              p - amulet of the acrobat
HPRegen 0.28/turn               b - ring of poison resistance
MPRegen 0.12/turn               q - ring of see invisible

@: about to teleport
A: horns 2, no stealth, inability to use devices, hated by all, retaliatory
headbutt
a: Renounce Religion, Draw Out Power, Power Leap


You were on level 3 of the Lair of Beasts.
You worshipped Ru.
Ru was greatly pleased with you.
You visited 3 branches of the dungeon, and saw 13 of its levels.
You also visited: Sewer.

You collected 640 gold pieces.
You spent 403 gold pieces at shops.


Innate Abilities, Weirdness & Mutations

You have a pair of horns on your head.
You cannot be stealthy.
You cannot study or use magical devices.
You are hated by all.
You reflexively headbutt those who attack you in melee.


   Skills:
 - Level 11.0 Fighting
 - Level 17.0 Axes
 - Level 4.3 Throwing
 + Level 10.7 Armour
 - Level 3.4 Dodging
 - Level 7.2 Shields


You had 11 spell levels left.
You didn't know any spells.
Your spell library was empty.

Inventory:

Hand Weapons
 o - a +0 flail
 Y - a +5 war axe of venom (weapon)
Armour
 c - a +0 buckler (worn)
 f - a +0 cloak (worn)
 h - a +1 pair of gloves (worn)
 l - a +2 pair of boots (worn)
 n - a +0 plate armour (worn)
Jewellery
 a - a ring of protection from cold
 b - a ring of poison resistance (left hand)
 j - a ring of protection from fire
 p - an amulet of the acrobat (around neck)
 q - a ring of see invisible (right hand)
 r - a +6 ring of strength
 t - a +4 ring of evasion
Scrolls
 m - 4 scrolls of identify
Potions
 d - 3 potions of might
 e - 2 potions of curing
 g - 6 potions of haste
 i - 2 potions of resistance

Dungeon Overview and Level Annotations

Branches:
Dungeon (9/15)             Temple (1/1) D:4            Lair (3/5) D:9
  Swamp (0/4) Lair:2        Sewer (visited)
  Snake: Lair:2-3    Spider: Lair:2-3       Orc: D:9-12

Altars:
Ashenzari
Cheibriados
Dithmenos
Elyvilon
Gozag
Okawaru
Ru
Trog
Xom

Shops:
D:5 *   D:7 (*   D:9 =

Annotations:
Lair:3 Rupert


Message History

g - 6 potions of haste (gained 1) Rupert the Wild comes into view.
He is wielding a +5 great mace of pain.
Rupert shouts!
Enter note: Throw: 3 javelins
Press: ? - help, Q - select action Shift-Dir - straight line, f - Rupert You throw a javelin.
The javelin pierces through Rupert but does no damage.
Throw: 2 javelins
Press: ? - help, Q - select action Shift-Dir - straight line, f/p - Rupert You throw a javelin.
The javelin pierces through Rupert.
Rupert is lightly wounded.
Throw: javelin
Press: ? - help, Q - select action Shift-Dir - straight line, f/p - Rupert You throw a javelin.
The javelin pierces through Rupert.
Rupert is lightly wounded.
Rupert yells loudly at you.
You suddenly lose the ability to move!
Rupert roars madly and goes into a rage!
Rupert goes berserk!
Rupert is stunned by your conviction and fails to attack.
Rupert hits you with a +5 great mace of pain!!!
You writhe in agony.
You can move again.
You hit Rupert but do no damage.
Rupert is poisoned.
Your headbutt misses Rupert.
Rupert is lightly wounded.
You block Rupert's attack. x2
You closely miss Rupert.
Rupert is lightly wounded.
Rupert hits you with a +5 great mace of pain!!!
You writhe in agony.
You slice Rupert!!
Rupert looks as sick as possible!
Rupert is lightly wounded.
Rupert hits you with a +5 great mace of pain!!
13485 ||| READING scroll of teleportation.
As you read the scroll of teleportation, it crumbles to dust.
You feel strangely unstable.
Rupert hits you with a +5 great mace of pain!!!
You die...

##### ########
#.#.#######PP..#P########
.........................
#.......................
#...................#
#...................#
#...................##
.............).......#
#...............@...##
#.....#...#.##.#@#..#
#.................#.#
P......P.#....#.).P.#
..)...P.#......P....#
#...................#
#....................
......#.......bP((....
#.....?...#PP.


You could see Rupert (berserk, extremely poisoned).

Vanquished Creatures
  3 hydras
  Fannar (Lair:2)
  A death yak (Lair:1)
  A two-headed ogre (D:9)
  A bog body (Lair:2)
  A torpor snail (Lair:1)
  6 cane toads
  Joseph (D:7)
  A rime drake (Lair:1)
  5 komodo dragons
  A hornet (D:9)
  Grinder (D:5)
  3 blink frogs (Lair:1)
  12 yaks
  4 wyverns
  5 basilisks
  A steam dragon (D:7)
  7 water moccasins
  2 ice beasts
  A black bear (Lair:1)
  6 orc warriors
  2 sky beasts
  4 ogres
  3 wolves (Lair:2)
  5 centaurs
  2 phantoms
  3 kobold brigands
  6 bullfrogs
  A necrophage (D:6)
  3 gnoll sergeants
  2 scorpions (D:6)
  9 wights (D:8)
  11 killer bees
  4 crimson imps (D:9)
  A quasit (D:7)
  8 orc priests
  3 jellies
  5 hounds
  6 iguanas
  8 orc wizards
  5 hell rats (Lair:1)
  Terence (D:3)
  9 gnolls
  10 adders
  3 river rats (Sewer)
  3 shadow imps
  5 white imps
  5 ufetubi (D:7)
  5 worms
  34 orcs
  5 bats
  7 endoplasms
  A giant cockroach (D:2)
  4 goblins
  5 hobgoblins
  22 kobolds
  3 quokkas
  10 ball pythons
  7 frilled lizards
  25 rats
319 creatures vanquished.

Vanquished Creatures (others)
  A cane toad (Lair:1)
  7 fungi
  6 plants
14 creatures vanquished.

Grand Total: 333 creatures vanquished

Notes
Turn   | Place    | Note
-------+----------+-------------------------------------------
     0 | D:1      | qw the Minotaur Fighter began the quest for the Orb.
     0 | D:1      | Reached XP level 1. HP: 19/19 MP: 0/0
     0 | D:1      | 0 ||| qw: Version: 0.1-a-107-g9ff403c
     0 | D:1      | 0 ||| qw: Game counter: 6047
     0 | D:1      | 0 ||| qw: Always use a shield: true
     0 | D:1      | 0 ||| qw: God list: Ru
     0 | D:1      | 0 ||| qw: Allow faded altars: false
     0 | D:1      | 0 ||| qw: Do Orc after D:15 true
     0 | D:1      | 0 ||| qw: Do second Lair branch before Depths: true
     0 | D:1      | 0 ||| qw: Lair rune preference: random
     0 | D:1      | 0 ||| qw: Plans: Normal
     0 | D:1      | 0 ||| PLANNING D:1-11
   155 | D:1      | Reached skill level 3 in Axes
   293 | D:1      | 293 ||| Stepping ~*~*~tactically~*~*~ (stealth).
   299 | D:1      | Reached XP level 2. HP: 26/26 MP: 1/1
   335 | D:1      | 335 ||| Stepping ~*~*~tactically~*~*~ (stealth).
   336 | D:1      | 336 ||| Stepping ~*~*~tactically~*~*~ (stealth).
   802 | D:1      | 802 ||| UPGRADING to +6 ring of strength.
   803 | D:1      | 803 ||| READING 3 scrolls labelled CYOCASHUJUI.
   806 | D:1      | 806 ||| READING scroll labelled VUESOA TUPTA.
   807 | D:1      | 807 ||| READING scroll labelled ZEMICE HINU.
   808 | D:1      | 808 ||| READING scroll labelled RUGI UVUUBAONECK.
   865 | D:2      | Reached skill level 4 in Axes
   875 | D:2      | 875 ||| Stepping ~*~*~tactically~*~*~ (stealth).
   891 | D:2      | Reached XP level 3. HP: 31/31 MP: 2/2
  1035 | D:2      | 1035 ||| Stepping ~*~*~tactically~*~*~ (stealth).
  1241 | D:2      | Reached skill level 5 in Axes
  1325 | D:2      | 1325 ||| UPGRADING to ring of protection from fire.
  1361 | D:3      | 1361 ||| STAIRDANCE
  1431 | D:3      | 1431 ||| DROPPING +0 club.
  1458 | D:3      | Noticed Terence
  1460 | D:3      | Killed Terence
  1461 | D:3      | Reached skill level 1 in Dodging
  1461 | D:3      | Reached XP level 4. HP: 34/39 MP: 3/3
  1611 | D:3      | 1611 ||| Stepping ~*~*~tactically~*~*~ (stealth).
  1659 | D:3      | 1659 ||| DROPPING +0 whip.
  1685 | D:3      | 1685 ||| Stepping ~*~*~tactically~*~*~ (stealth).
  1687 | D:3      | 1687 ||| Stepping ~*~*~tactically~*~*~ (stealth).
  1687 | D:3      | Noticed a moth of wrath
  1690 | D:3      | 1690 ||| Stepping ~*~*~tactically~*~*~ (stealth).
  1692 | D:3      | Found a bloodstained altar of Trog.
  1702 | D:3      | 1702 ||| FLEEEEING.
  1703 | D:3      | 1703 ||| FLEEEEING.
  1704 | D:3      | 1704 ||| FLEEEEING.
  1705 | D:3      | 1705 ||| FLEEEEING.
  1819 | D:3      | 1819 ||| Stepping ~*~*~tactically~*~*~ (stealth).
  1821 | D:3      | 1821 ||| Stepping ~*~*~tactically~*~*~ (stealth).
  1927 | D:3      | Reached XP level 5. HP: 37/45 MP: 4/4
  1928 | D:3      | 1928 ||| FLEEEEING.
  1929 | D:3      | 1929 ||| FLEEEEING.
  1930 | D:3      | 1930 ||| FLEEEEING.
  1931 | D:3      | 1931 ||| FLEEEEING.
  1933 | D:3      | 1933 ||| FLEEEEING.
  1934 | D:3      | 1934 ||| FLEEEEING.
  2074 | D:3      | Found an iron altar of Okawaru.
  2127 | D:3      | 2127 ||| UPGRADING to +0 chain mail.
  2137 | D:3      | 2137 ||| DROPPING +0 scale mail.
  2138 | D:3      | 2138 ||| UPGRADING to +0 plate armour.
  2148 | D:3      | 2148 ||| DROPPING +0 chain mail.
  2149 | D:3      | 2149 ||| DRINKING 2 puce potions.
  2198 | D:4      | 2198 ||| PLANNING SEWER
  2246 | D:4      | 2246 ||| Stepping ~*~*~tactically~*~*~ (stealth).
  2250 | D:4      | Reached skill level 6 in Axes
  2519 | D:4      | Found a glowing drain.
  2520 | D:4      | 2520 ||| UPGRADING to +0 pair of boots.
  2525 | D:4      | 2525 ||| DRINKING 2 purple potions.
  2526 | D:4      | 2526 ||| READING 2 scrolls of identify.
  2526 | D:4      | 2526 ||| IDENTIFYING fuming blue potion
  2527 | D:4      | 2527 ||| DROPPING potion of flight.
  2533 | Sewer    | Entered a sewer
  2599 | Sewer    | Reached skill level 7 in Axes
  2599 | Sewer    | Reached XP level 6. HP: 40/51 MP: 5/5
  2669 | Sewer    | 2669 ||| READING scroll of enchant armour.
  2669 | Sewer    | 2669 ||| ENCHANTING +0 pair of boots.
  2771 | Sewer    | 2771 ||| Stepping ~*~*~tactically~*~*~ (water).
  2811 | Sewer    | 2811 ||| Stepping ~*~*~tactically~*~*~ (stealth).
  3138 | Sewer    | 3138 ||| READING scroll labelled OFRUJAR ROTUFA.
  3282 | Sewer    | 3282 ||| READING scroll labelled SAUTYJOFEE.
  3283 | Sewer    | 3283 ||| DRINKING 3 pink potions.
  3284 | Sewer    | 3284 ||| READING 2 scrolls of identify.
  3284 | Sewer    | 3284 ||| IDENTIFYING viscous sapphire potion
  3310 | D:4      | 3310 ||| PLANNING D:1-11
  3466 | D:4      | Found a staircase to the Ecumenical Temple.
  3467 | D:4      | 3467 ||| PLANNING TEMPLE
  3467 | D:4      | 3467 ||| DROPPING ring of resist corrosion.
  3468 | D:4      | 3468 ||| UPGRADING to +4 ring of evasion.
  3470 | D:4      | 3470 ||| UPGRADING to +6 ring of strength.
  3472 | D:4      | 3472 ||| DRINKING 2 metallic grey potions.
  3473 | D:4      | 3473 ||| DROPPING potion of attraction.
  3482 | Temple   | Entered the Ecumenical Temple
  3507 | Temple   | Became a worshipper of Ru the Awakened
  3512 | Temple   | 3512 ||| PLANNING D:1-11
  3582 | D:4      | 3582 ||| READING scroll of enchant weapon.
  3582 | D:4      | 3582 ||| ENCHANTING +1 war axe.
  3610 | D:4      | 3610 ||| READING 2 scrolls of identify.
  3610 | D:4      | 3610 ||| IDENTIFYING sedimented white potion
  3611 | D:4      | 3611 ||| DROPPING potion of brilliance.
  3627 | D:5      | Entered Level 5 of the Dungeon
  3650 | D:5      | Reached skill level 8 in Axes
  3701 | D:5      | Found Isiq's General Store.
  3702 | D:5      | 3702 ||| Stepping ~*~*~tactically~*~*~ (hiding).
  3724 | D:5      | 3724 ||| FLEEEEING.
  3725 | D:5      | 3725 ||| FLEEEEING.
  3726 | D:5      | 3726 ||| FLEEEEING.
  3727 | D:5      | 3727 ||| FLEEEEING.
  3728 | D:5      | 3728 ||| FLEEEEING.
  3729 | D:5      | 3729 ||| FLEEEEING.
  3730 | D:5      | 3730 ||| FLEEEEING.
  3731 | D:5      | 3731 ||| FLEEEEING.
  3732 | D:5      | 3732 ||| FLEEEEING.
  3733 | D:5      | 3733 ||| FLEEEEING.
  3734 | D:5      | 3734 ||| FLEEEEING.
  3735 | D:5      | 3735 ||| FLEEEEING.
  3736 | D:5      | 3736 ||| FLEEEEING.
  3737 | D:5      | 3737 ||| FLEEEEING.
  3738 | D:5      | 3738 ||| FLEEEEING.
  3739 | D:5      | 3739 ||| FLEEEEING.
  3740 | D:5      | 3740 ||| FLEEEEING.
  3742 | D:5      | 3742 ||| FLEEEEING.
  3743 | D:5      | 3743 ||| FLEEEEING.
  3744 | D:5      | 3744 ||| FLEEEEING.
  3745 | D:5      | 3745 ||| FLEEEEING.
  3746 | D:5      | 3746 ||| FLEEEEING.
  3748 | D:5      | 3748 ||| FLEEEEING.
  3751 | D:5      | 3751 ||| FLEEEEING.
  3756 | D:5      | 3756 ||| FLEEEEING.
  3757 | D:5      | 3757 ||| FLEEEEING.
  3758 | D:5      | 3758 ||| FLEEEEING.
  3759 | D:5      | 3759 ||| FLEEEEING.
  3760 | D:5      | 3760 ||| FLEEEEING.
  3761 | D:5      | 3761 ||| STAIRDANCE
  3869 | D:5      | 3869 ||| STAIRDANCE
  3940 | D:5      | Reached XP level 7. HP: 60/60 MP: 6/6
  3962 | D:5      | Reached skill level 9 in Axes
  4053 | D:5      | 4053 ||| BUYING +0 cloak (45 gold).
  4053 | D:5      | Bought a +0 cloak for 45 gold pieces
  4088 | D:5      | 4088 ||| READING scroll of enchant weapon.
  4088 | D:5      | 4088 ||| ENCHANTING +2 war axe.
  4175 | D:5      | Noticed Grinder
  4177 | D:5      | 4177 ||| Stepping ~*~*~tactically~*~*~ (hiding).
  4183 | D:5      | Killed Grinder
  4511 | D:5      | 4511 ||| UPGRADING to +0 cloak.
  4516 | D:5      | 4516 ||| DROPPING amulet of faith.
  4517 | D:5      | 4517 ||| DROPPING ring of flight.
  4541 | D:6      | Reached XP level 8. HP: 61/68 MP: 7/7
  4541 | D:6      | 4541 ||| STAIRDANCE
  4659 | D:6      | 4659 ||| Stepping ~*~*~tactically~*~*~ (hiding).
  4670 | D:6      | 4670 ||| DRINKING potion of curing.
  4670 | D:6      | 4670 ||| (to cure confusion)
  4672 | D:6      | Reached skill level 10 in Axes
  4681 | D:6      | Reached skill level 6 in Fighting
  4681 | D:6      | HP: 17/71 [poisoned by a scorpion]
  4682 | D:6      | 4682 ||| READING 4 scrolls of teleportation.
  4683 | D:6      | 4683 ||| DRINKING potion of heal wounds.
  4684 | D:6      | 4684 ||| Stepping ~*~*~tactically~*~*~ (hiding).
  4685 | D:6      | 4685 ||| Stepping ~*~*~tactically~*~*~ (hiding).
  4688 | D:6      | HP: 17/71 [yak (6)]
  4689 | D:6      | 4689 ||| READING 3 scrolls of teleportation.
  4692 | D:6      | Reached skill level 11 in Axes
  4692 | D:6      | 4692 ||| Stepping ~*~*~tactically~*~*~ (hiding).
  5045 | D:6      | 5045 ||| Stepping ~*~*~tactically~*~*~ (hiding).
  5146 | D:6      | 5146 ||| Stepping ~*~*~tactically~*~*~ (stealth).
  5164 | D:6      | Reached skill level 12 in Axes
  5164 | D:6      | Reached XP level 9. HP: 77/77 MP: 8/8
  5236 | D:6      | 5236 ||| INVOKING Sacrifice Stealth.
  5236 | D:6      | Gained mutation: You cannot be stealthy. [Ru sacrifice]
  5364 | D:6      | Found a snail-covered altar of Cheibriados.
  5366 | D:6      | 5366 ||| Stepping ~*~*~tactically~*~*~ (hiding).
  5432 | D:6      | Reached skill level 6 in Armour
  5721 | D:6      | 5721 ||| READING scroll labelled ACWARO QACICHO.
  5722 | D:6      | 5722 ||| READING 4 scrolls of identify.
  5722 | D:6      | 5722 ||| IDENTIFYING lumpy white potion
  5723 | D:6      | 5723 ||| READING 3 scrolls of identify.
  5723 | D:6      | 5723 ||| IDENTIFYING fuming emerald potion
  5724 | D:6      | 5724 ||| DROPPING potion of invisibility.
  5725 | D:6      | 5725 ||| DROPPING potion of berserk rage.
  5763 | D:7      | Found Jaom Qest's Assorted Antiques.
  5777 | D:7      | 5777 ||| BUYING fizzy clear potion (18 gold).
  5777 | D:7      | Bought a fizzy clear potion for 18 gold pieces
  5777 | D:7      | 5777 ||| BUYING potion of curing (60 gold).
  5777 | D:7      | Bought a potion of curing for 60 gold pieces
  5777 | D:7      | 5777 ||| BUYING scroll of identify (40 gold).
  5777 | D:7      | Bought a scroll of identify for 40 gold pieces
  5868 | D:7      | 5868 ||| FLEEEEING.
  6003 | D:7      | 6003 ||| DRINKING 3 potions of curing.
  6003 | D:7      | 6003 ||| (to cure confusion)
  6202 | D:7      | 6202 ||| READING scroll of enchant weapon.
  6202 | D:7      | 6202 ||| ENCHANTING +3 war axe.
  6227 | D:7      | Reached skill level 13 in Axes
  6227 | D:7      | 6227 ||| Stepping ~*~*~tactically~*~*~ (hiding).
  6229 | D:7      | 6229 ||| Stepping ~*~*~tactically~*~*~ (hiding).
  6230 | D:7      | 6230 ||| Stepping ~*~*~tactically~*~*~ (hiding).
  6231 | D:7      | 6231 ||| Stepping ~*~*~tactically~*~*~ (hiding).
  6232 | D:7      | 6232 ||| Stepping ~*~*~tactically~*~*~ (hiding).
  6303 | D:7      | 6303 ||| Stepping ~*~*~tactically~*~*~ (stealth).
  6352 | D:7      | 6352 ||| Stepping ~*~*~tactically~*~*~ (hiding).
  6354 | D:7      | 6354 ||| Stepping ~*~*~tactically~*~*~ (hiding).
  6355 | D:7      | 6355 ||| Stepping ~*~*~tactically~*~*~ (hiding).
  6360 | D:7      | 6360 ||| FLEEEEING.
  6361 | D:7      | 6361 ||| FLEEEEING.
  6362 | D:7      | 6362 ||| FLEEEEING.
  6363 | D:7      | 6363 ||| FLEEEEING.
  6364 | D:7      | 6364 ||| FLEEEEING.
  6365 | D:7      | 6365 ||| FLEEEEING.
  6366 | D:7      | 6366 ||| FLEEEEING.
  6367 | D:7      | 6367 ||| FLEEEEING.
  6368 | D:7      | 6368 ||| FLEEEEING.
  6369 | D:7      | 6369 ||| FLEEEEING.
  6370 | D:7      | 6370 ||| FLEEEEING.
  6371 | D:7      | 6371 ||| FLEEEEING.
  6372 | D:7      | 6372 ||| FLEEEEING.
  6373 | D:7      | 6373 ||| FLEEEEING.
  6374 | D:7      | 6374 ||| FLEEEEING.
  6375 | D:7      | 6375 ||| FLEEEEING.
  6376 | D:7      | 6376 ||| FLEEEEING.
  6377 | D:7      | 6377 ||| Stepping ~*~*~tactically~*~*~ (hiding).
  6378 | D:7      | 6378 ||| Stepping ~*~*~tactically~*~*~ (hiding).
  6574 | D:7      | Found a shadowy altar of Dithmenos.
  6590 | D:7      | Found Rethre's Weapon Emporium.
  6595 | D:7      | Noticed Joseph
  6596 | D:7      | 6596 ||| FLEEEEING.
  6597 | D:7      | 6597 ||| FLEEEEING.
  6598 | D:7      | 6598 ||| FLEEEEING.
  6599 | D:7      | 6599 ||| FLEEEEING.
  6600 | D:7      | 6600 ||| FLEEEEING.
  6603 | D:7      | 6603 ||| Stepping ~*~*~tactically~*~*~ (hiding).
  6604 | D:7      | 6604 ||| Stepping ~*~*~tactically~*~*~ (hiding).
  6614 | D:7      | Killed Joseph
  6718 | D:7      | 6718 ||| SHOPLISTING +9 war axe of Reasonable Defence
                  | {vorpal, rPois} (798 gold, have 292).
  6733 | D:7      | 6733 ||| Stepping ~*~*~tactically~*~*~ (stealth).
  6741 | D:7      | 6741 ||| Stepping ~*~*~tactically~*~*~ (stealth).
  6743 | D:7      | 6743 ||| Stepping ~*~*~tactically~*~*~ (hiding).
  7167 | D:7      | 7167 ||| READING scroll labelled FEOC IBULAE.
  7168 | D:7      | 7168 ||| READING 3 scrolls of identify.
  7168 | D:7      | 7168 ||| IDENTIFYING fizzy clear potion
  7169 | D:7      | 7169 ||| DROPPING potion of lignification.
  7479 | D:8      | Reached skill level 14 in Axes
  7569 | D:8      | Reached skill level 1 in Throwing
  7569 | D:8      | Reached XP level 10. HP: 80/88 MP: 9/9
  7607 | D:8      | 7607 ||| Stepping ~*~*~tactically~*~*~ (hiding).
  7722 | D:8      | 7722 ||| Stepping ~*~*~tactically~*~*~ (hiding).
  8368 | D:8      | 8368 ||| UPGRADING to amulet of the acrobat.
  8445 | D:9      | 8445 ||| INVOKING Sacrifice Artifice.
  8445 | D:9      | Gained mutation: You cannot study or use magical devices.
                  | [Ru sacrifice]
  8445 | D:9      | Reached * piety under Ru
  8445 | D:9      | Reached ** piety under Ru
  8445 | D:9      | Reached *** piety under Ru
  8547 | D:9      | Reached skill level 15 in Axes
  8565 | D:9      | 8565 ||| Stepping ~*~*~tactically~*~*~ (stealth).
  8567 | D:9      | 8567 ||| Stepping ~*~*~tactically~*~*~ (stealth).
  8583 | D:9      | 8583 ||| Stepping ~*~*~tactically~*~*~ (stealth).
  8586 | D:9      | Reached skill level 9 in Fighting
  8596 | D:9      | Reached skill level 3 in Dodging
  8642 | D:9      | 8642 ||| Stepping ~*~*~tactically~*~*~ (hiding).
  8665 | D:9      | 8665 ||| Stepping ~*~*~tactically~*~*~ (hiding).
  8674 | D:9      | 8674 ||| Stepping ~*~*~tactically~*~*~ (hiding).
  8678 | D:9      | 8678 ||| Stepping ~*~*~tactically~*~*~ (stealth).
  8786 | D:9      | Found a staircase to the Lair.
  8820 | D:9      | HP: 20/91 [basilisk (3)]
  8821 | D:9      | 8821 ||| READING 2 scrolls of teleportation.
  8822 | D:9      | 8822 ||| INVOKING Draw Out Power.
  9100 | D:9      | Found Veisuh's Jewellery Emporium.
  9109 | D:9      | 9109 ||| SHOPLISTING ring of fire (400 gold, have 333).
  9109 | D:9      | 9109 ||| SHOPLISTING ring of protection from fire (400
                  | gold, have 333).
  9109 | D:9      | 9109 ||| BUYING ring of see invisible (240 gold).
  9109 | D:9      | Bought a ring of see invisible for 240 gold pieces
  9128 | D:9      | 9128 ||| READING scroll of enchant weapon.
  9128 | D:9      | 9128 ||| ENCHANTING +4 war axe.
  9141 | D:9      | Found a shimmering altar of Xom.
  9143 | D:9      | 9143 ||| Stepping ~*~*~tactically~*~*~ (hiding).
  9148 | D:9      | 9148 ||| Stepping ~*~*~tactically~*~*~ (hiding).
  9156 | D:9      | 9156 ||| Stepping ~*~*~tactically~*~*~ (stealth).
  9167 | D:9      | Noticed a two-headed ogre
  9174 | D:9      | Killed a two-headed ogre
  9175 | D:9      | Reached XP level 11. HP: 68/97 MP: 10/10
  9326 | D:9      | 9326 ||| READING scroll of enchant armour.
  9326 | D:9      | 9326 ||| ENCHANTING +1 pair of boots.
  9347 | D:9      | Reached skill level 16 in Axes
  9511 | D:9      | 9511 ||| FLEEEEING.
  9512 | D:9      | 9512 ||| FLEEEEING.
  9513 | D:9      | 9513 ||| FLEEEEING.
  9514 | D:9      | 9514 ||| FLEEEEING.
  9517 | D:9      | 9517 ||| FLEEEEING.
  9518 | D:9      | 9518 ||| FLEEEEING.
  9519 | D:9      | 9519 ||| STAIRDANCE
  9573 | D:8      | 9573 ||| UPGRADING to ring of see invisible.
  9577 | D:9      | 9577 ||| STAIRDANCE
  9667 | D:9      | 9667 ||| Stepping ~*~*~tactically~*~*~ (stealth).
  9801 | D:9      | 9801 ||| PLANNING LAIR
  9837 | Lair:1   | Entered Level 1 of the Lair of Beasts
  9842 | Lair:1   | 9842 ||| Stepping ~*~*~tactically~*~*~ (stealth).
  9860 | Lair:1   | Reached skill level 6 in Shields
  9969 | Lair:1   | 9969 ||| Stepping ~*~*~tactically~*~*~ (stealth).
 10250 | Lair:1   | Noticed a death yak
 10253 | Lair:1   | Noticed a four-headed hydra
 10258 | Lair:1   | 10258 ||| SWAPPING to +0 flail.
 10265 | Lair:1   | 10265 ||| Stepping ~*~*~tactically~*~*~ (outnumbered).
 10266 | Lair:1   | HP: 15/97 [four-headed hydra (12)]
 10267 | Lair:1   | 10267 ||| READING 2 scrolls of teleportation.
 10267 | Lair:1   | HP: 7/97 [death yak[a torpor snail] (5)]
 10268 | Lair:1   | 10268 ||| INVOKING Draw Out Power.
 10269 | Lair:1   | 10269 ||| DRINKING 3 potions of heal wounds.
 10271 | Lair:1   | 10271 ||| SWAPPING to +5 war axe.
 10277 | Lair:1   | 10277 ||| SWAPPING to +0 flail.
 10283 | Lair:1   | 10283 ||| Stepping ~*~*~tactically~*~*~ (outnumbered).
 10283 | Lair:1   | HP: 19/92 [four-headed hydra (7)]
 10284 | Lair:1   | 10284 ||| READING scroll of teleportation.
 10285 | Lair:1   | 10285 ||| DRINKING 2 potions of heal wounds.
 10286 | Lair:1   | 10286 ||| DRINKING potion of heal wounds.
 10287 | Lair:1   | 10287 ||| INVOKING Draw Out Power.
 10288 | Lair:1   | 10288 ||| SWAPPING to +5 war axe.
 10307 | Lair:1   | HP: 11/87 [torpor snail (14)]
 10308 | Lair:1   | 10308 ||| INVOKING Draw Out Power.
 10345 | Lair:1   | HP: 15/88 [blink frog (9)]
 10346 | Lair:1   | 10346 ||| INVOKING Draw Out Power.
 10608 | Lair:1   | Reached skill level 17 in Axes
 10626 | Lair:1   | Killed a death yak
 10709 | Lair:1   | 10709 ||| SWAPPING to +0 flail.
 10719 | Lair:1   | Killed a four-headed hydra
 10720 | Lair:1   | 10720 ||| SWAPPING to +5 war axe.
 10956 | Lair:1   | 10956 ||| Stepping ~*~*~tactically~*~*~ (hiding).
 11080 | Lair:1   | Reached skill level 9 in Armour
 11137 | Lair:1   | 11137 ||| INVOKING Sacrifice Love.
 11137 | Lair:1   | Gained mutation: You are hated by all. [Ru sacrifice]
 11137 | Lair:1   | Reached **** piety under Ru
 11995 | Lair:1   | 11995 ||| UPGRADING to +1 pair of gloves.
 12085 | Lair:2   | Noticed a five-headed hydra
 12089 | Lair:2   | 12089 ||| SWAPPING to +0 flail.
 12096 | Lair:2   | Killed a five-headed hydra
 12097 | Lair:2   | 12097 ||| SWAPPING to +5 war axe.
 12343 | Lair:2   | Noticed a four-headed hydra
 12347 | Lair:2   | 12347 ||| SWAPPING to +0 flail.
 12350 | Lair:2   | Killed a four-headed hydra
 12351 | Lair:2   | 12351 ||| SWAPPING to +5 war axe.
 12370 | Lair:2   | 12370 ||| Stepping ~*~*~tactically~*~*~ (stealth).
 12371 | Lair:2   | 12371 ||| Stepping ~*~*~tactically~*~*~ (stealth).
 12372 | Lair:2   | 12372 ||| Stepping ~*~*~tactically~*~*~ (stealth).
 12373 | Lair:2   | 12373 ||| Stepping ~*~*~tactically~*~*~ (stealth).
 12464 | Lair:2   | Reached XP level 12. HP: 102/108 MP: 11/11
 12585 | Lair:2   | Found a staircase to the Swamp.
 12586 | Lair:2   | 12586 ||| Stepping ~*~*~tactically~*~*~ (hiding).
 12594 | Lair:2   | Reached skill level 3 in Throwing
 12658 | Lair:2   | Noticed Fannar
 12671 | Lair:2   | Killed Fannar
 12835 | Lair:2   | Identified the +0 robe "Webri" {Archmagi}
 13165 | Lair:2   | 13165 ||| Stepping ~*~*~tactically~*~*~ (stealth).
 13363 | Lair:2   | 13363 ||| DROPPING orb of energy.
 13364 | Lair:2   | 13364 ||| UPGRADING to ring of poison resistance.
 13366 | Lair:2   | 13366 ||| READING 2 scrolls labelled SIKARIM VOUMN.
 13367 | Lair:2   | 13367 ||| READING scroll labelled DIUSOO XIUGOA.
 13368 | Lair:2   | 13368 ||| READING scroll labelled IPU LIRIA.
 13369 | Lair:2   | 13369 ||| READING 5 scrolls of identify.
 13369 | Lair:2   | 13369 ||| IDENTIFYING white potion
 13370 | Lair:2   | 13370 ||| DROPPING scroll of poison.
 13371 | Lair:2   | 13371 ||| DROPPING potion of degeneration.
 13474 | Lair:3   | Noticed Rupert
 13477 | Lair:3   | Paralysed by Rupert for 5 turns
 13484 | Lair:3   | HP: 9/110 [Rupert/+5 great mace of pain (21)]
 13485 | Lair:3   | 13485 ||| READING scroll of teleportation.
 13485 | Lair:3   | Annihilated by Rupert

Levels and vault maps discovered:
D:1:      dpeg_arrival_leaves_temple_mockup, layout_basic
D:2:      layout_rooms
D:3:      layout_rooms, okawaru_ov_weapons_minmay, tgw_trog, minmay_between,
          uniq_terence
D:4:      layout_rooms, minmay_temple_entry_mist, portal_sewer_entry_e
D:5:      layout_basic, serial_shops, shop, uniq_grinder
D:6:      cheibrodos_fzero, layout_basic, mainiacjoe_overflow_brackets
D:7:      layout_basic, grunt_dithmenos_shadows, serial_demonic,
          serial_demonic_f, serial_demonic_g, serial_demonic_a,
          serial_demonic_a, serial_demonic_e, serial_demonic_f, serial_shops,
          nicolae_shop_competitors_out_of_business, nicolae_shop_statue_plus,
          chequers_serial_rivers_large_b, uniq_joseph
D:8:      layout_basic
D:9:      layout_roguey, led_xom_imps, david_lair_generic, serial_shops,
          shop_fountains
Temple:   bh_familiar_temple
Lair:1:   layout_hall_layers, lemuel_fruit_tree, grunt_megastairs_1
Lair:2:   layout_cave_pods, skrybe_swamp_entry_bodies, uniq_fannar
Lair:3:   pond_and_an_island_with_a_cottage, layout_chaotic_city,
          spider_nest_entry_webs, nicolae_volcano_entry_s_turn,
          lemuel_fruit_fields, uniq_gastronok, uniq_rupert

Skill      XL: |  1  2  3  4  5  6  7  8  9 10 11 12 |
---------------+-------------------------------------+-----
Axes           | 3 4 5 7 8 9 12 14 15 17 | 17.0
Dodging        | 1 2 3 |  3.4
Fighting       | 4 5 6 8 9 10 11 | 11.0
Armour         | 5 6 8 10 | 10.7
Shields        | 4 5 7 |  7.2
Throwing       | 1 2 4 |  4.3

Action                   |  1- 3 |  4- 6 |  7- 9 | 10-12 || total
-------------------------+-------+-------+-------+-------++-------
Melee: War axe           |    99 |   148 |   215 |   321 ||   783
       Headbutt          |     7 |    17 |    41 |    74 ||   139
       Flail             |       |       |       |    28 ||    28
Throw: Boomerang         |     2 |       |     3 |    20 ||    25
       Javelin           |       |       |       |    18 ||    18
Invok: Sacrifice Stealth |       |       |     1 |       ||     1
       Draw Out Power    |       |       |       |     5 ||     5
       Sacrifice Artific |       |       |       |     1 ||     1
       Sacrifice Love    |       |       |       |     1 ||     1
  Use: Scroll            |     4 |     7 |     9 |    10 ||    30
       Potion            |       |     4 |     3 |     3 ||    10
 Stab: Distracted        |       |       |       |     3 ||     3
       Invisible         |       |       |       |     1 ||     1
Armor: Scale mail        |    40 |     8 |       |       ||    48
       Plate armour      |       |    50 |    93 |   204 ||   347
Dodge: Dodged            |    41 |    52 |   123 |   188 ||   404
Block: Buckler           |    26 |    29 |    39 |    71 ||   165

Table legend:
 A = Non-vault XP
 B = Vault XP
 C = Vault XP percentage of total XP
 D = Non-vault monster count
 E = Vault monster count
 F = Vault count percentage of total count
                 A         B        C        D         E       F
            +---------+---------+-------+---------+---------+-------
      Total |   20001 |    5443 |  21.4 |     223 |      97 |  30.3
            +---------+---------+-------+---------+---------+-------
        D:1 |      25 |       0 |   0.0 |      16 |       0 |   0.0
        D:2 |      59 |       0 |   0.0 |      15 |       0 |   0.0
        D:3 |      72 |      48 |  40.0 |      18 |       9 |  33.3
        D:4 |     123 |       0 |   0.0 |      14 |       0 |   0.0
        D:5 |     417 |     290 |  41.0 |       8 |       1 |  11.1
        D:6 |     739 |    1306 |  63.9 |      12 |      17 |  58.6
        D:7 |    1282 |     647 |  33.5 |      27 |      12 |  30.8
        D:8 |    1667 |       0 |   0.0 |      31 |       0 |   0.0
        D:9 |    3901 |     994 |  20.3 |      41 |       8 |  16.3
     Lair:1 |    7253 |     305 |   4.0 |      22 |       6 |  21.4
     Lair:2 |    3973 |    1550 |  28.1 |      17 |       2 |  10.5
     Lair:3 |     490 |       0 |   0.0 |       2 |       0 |   0.0
      Sewer |       0 |     303 | 100.0 |       0 |      42 | 100.0
            +---------+---------+-------+---------+---------+-------
